 Dungeon Crawl Stone Soup version 0.31.0-12-g77e489cdc1 (webtiles) character file.

Game seed: 15820589772175717026

3078 hawla the Protected (level 9, 0/74 HPs)
             Began as a Minotaur Fighter on Feb 17, 2024.
             Slain by a chaos spawn (10 damage)
             ... summoned by a kobold demonologist
             ... in a bailey.
             The game lasted 00:13:47 (7024 turns).

hawla the Protected (Minotaur Fighter)              Turns: 7024, Time: 00:13:48

Health: 0/74       AC: 19    Str: 24    XL:     9   Next: 58%
Magic:  7/7        EV:  9    Int:  5    God:
Gold:   189        SH:  5    Dex: 11    Spells: 8/8 levels left

rFire   . . .        a - +3 war axe
rCold   + . .        c - +0 buckler
rNeg    . . .        v - +1 plate armour
rPois   .            (helmet restricted)
rElec   .            e - scarf {repulsion}
rCorr   .            z - +1 pair of gloves
SInv    .            k - +0 pair of boots
Will    .....        (no amulet) Stlth
                     f - ring of protection from cold
HPRegen 0.32/turn    (no ring)
MPRegen 0.10/turn

%: random rage (3%), repel missiles
@: mighty
A: horns 2, retaliatory headbutt, berserk 1, low MP 1, subdued magic 1
a: no special abilities


You were in a bailey.
You visited 2 branches of the dungeon, and saw 9 of its levels.
You also visited: Bailey.

You collected 345 gold pieces.
You spent 156 gold pieces at shops.

Inventory:

Hand Weapons
 a - a +3 war axe (weapon)
 h - a +0 lajatang of venom
Missiles
 b - 3 throwing nets (quivered)
 y - 11 poisoned darts
Armour
 c - a +0 buckler (worn)
 e - a scarf of repulsion (worn)
 k - a +0 pair of boots (worn)
 v - a +1 plate armour (worn)
 z - a +1 pair of gloves (worn)
Jewellery
 f - a ring of protection from cold (left hand)
Wands
 i - a wand of digging (6)
 l - a wand of iceblast (7)
 m - a wand of flame (7)
 x - a wand of quicksilver (1)
 C - a wand of mindburst (8)
Scrolls
 j - a scroll of vulnerability
 p - a scroll of fog
 w - a scroll of immolation
Potions
 d - a potion of might
 g - 2 potions of curing
 t - 2 potions of haste
 A - a potion of enlightenment {unknown}
 B - a potion of resistance {unknown}


   Skills:
 - Level 5.0 Fighting
 + Level 2.5 Axes
 - Level 6.0 Throwing
 - Level 10.0 Armour
 - Level 8.0 Dodging
 - Level 5.0 Shields
 - Level 3.0 Evocations


You had 8 spell levels left.
You didn't know any spells.
Your spell library was empty.

Dungeon Overview and Level Annotations

Branches:
Dungeon (8/15)             Temple (1/1) D:7          Bailey (1/1)
   Lair: D:8-11

Altars:
Ashenzari
Cheibriados
Dithmenos
Elyvilon
Fedhas
Gozag
Kikubaaqudgha
Makhleb
Nemelex Xobeh
Qazlal
Sif Muna
Uskayaw
Vehumet
Wu Jian
Xom
Zin
The Shining One

Shops:
D:8 *

Annotations:
D:7 3 runed translucent doors, cordlesssteve's ghost, novice DrCj


Innate Abilities, Weirdness & Mutations

You have a pair of horns on your head.
You reflexively headbutt those who attack you in melee.
You sometimes lose your temper in combat.
Your magical capacity is low. (-10% MP)
Your spells are a little easier to cast, but a little less powerful.


Message History

You block the kobold demonologist's attack.
You feel much better. The gnoll hits you with a +0 hand axe.
The orc warrior barely misses you.
The kobold demonologist gestures wildly while chanting.
You feel very mighty all of a sudden.
The chaos spawn gives a chilling moan.
The gnoll misses you. You furiously retaliate!
You headbutt the gnoll!
You kill the gnoll!
The orc warrior barely misses you.
The kobold demonologist hits you with a +0 war axe.
You strike the helpless orc warrior from behind!
You slice the orc warrior!!
You kill the orc warrior!
You slash the kobold demonologist!
The kobold demonologist hits you with a +0 war axe.
The kobold demonologist hits you with a +0 war axe!
* * * LOW HITPOINT WARNING * * *
Training target 10.0 for Armour reached!
Your Armour skill increases to level 10!
You need to enable at least one skill for training.
You slash the iron imp!
You kill the iron imp!
The iron imp disappears in a puff of smoke!
You slash the kobold demonologist!
You flicker back into view.
The chaos spawn shouts in stereo!
The kobold demonologist gestures wildly while chanting.
You slash the chaos spawn! Your headbutt misses the chaos spawn.
The chaos spawn is heavily wounded.
You slice the white imp!!
You kill the white imp!
The white imp disappears in a puff of smoke!
You barely miss the kobold demonologist.
The chaos spawn bites you.
* * * LOW HITPOINT WARNING * * *
The chaos spawn freezes you. You resist.
* * * LOW HITPOINT WARNING * * *
The kobold demonologist hits you but does no damage.
The chaos spawn punches you!
You die...

#...))#.....#
#.8...#.....#
#.....#######
#.8#############
≈≈≈≈≈~.#..#...........#
≈≈≈≈≈~.#.8#...........#
≈≈≈≈≈~.#..#....._.....#
S≈≈≈≈~.##)#...oK45....#
≈S≈≈≈~.#.)# ##@##
≈≈≈≈≈~.#..# #...#
≈≈≈≈≈~.#..# #...#
≈≈≈≈≈~.#..# #8.8#
≈≈≈≈≈S.#..# #...#
≈≈≈≈≈#'#§## ###8.8#
≈≈≈≈≈#..§§# [.#...#
≈≈≈≈ #.§).# [.#...#
≈≈≈≈ ###..######.##


You could see a kobold demonologist, a chaos spawn (summoned), a quasit
(summoned) and an orc.

Vanquished Creatures
  An orc sorcerer (Bailey)
  Grinder (D:3)
  A wyvern (D:8)
  A steam dragon (D:6)
  Duvessa (D:4)
  A black bear (D:6)
  2 ice beasts
  3 orc warriors
  A sky beast (D:6)
  An ogre (D:4)
  2 phantoms (D:5)
  2 kobold brigands (D:8)
  A scorpion (D:7)
  A bullfrog (D:6)
  A gnoll sergeant (D:7)
  Dowan (D:4)
  3 jellies
  An electric eel (Bailey)
  A howler monkey (D:5)
  A bombardier beetle (D:5)
  3 hounds
  An orc priest (D:7)
  4 iguanas
  3 orc wizards
  Robin (D:4)
  14 gnolls
  8 adders
  A white imp (D:5)
  3 ufetubi
  3 dart slugs
  3 ribbon worms
  14 orcs
  2 endoplasms
  3 giant cockroaches
  11 hobgoblins
  A quokka (D:2)
  9 ball pythons
  6 bats
  A frilled lizard (D:3)
  13 goblins
  17 kobolds
  7 rats
155 creatures vanquished.

Notes
Turn   | Place    | Note
-------+----------+-------------------------------------------
     0 | D:1      | hawla the Minotaur Fighter began the quest for the Orb.
     0 | D:1      | Reached XP level 1. HP: 19/19 MP: 0/0
   150 | D:1      | Reached XP level 2. HP: 27/27 MP: 1/1
   245 | D:1      | You fall into a shaft and drop 1 floor!
   842 | D:2      | Reached XP level 3. HP: 34/34 MP: 2/2
  1643 | D:3      | Reached XP level 4. HP: 37/41 MP: 3/3
  1692 | D:3      | Noticed Grinder
  1697 | D:3      | Reached skill level 5 in Shields
  1698 | D:3      | Paralysed by Grinder for 5 turns
  1706 | D:3      | Paralysed by Grinder for 3 turns
  1710 | D:3      | Killed Grinder
  1711 | D:3      | Reached skill level 5 in Fighting
  1711 | D:3      | Reached XP level 5. HP: 33/48 MP: 4/4
  1711 | D:3      | Reached XP level 6. HP: 39/56 MP: 5/5
  2077 | D:3      | Reached skill level 5 in Dodging
  2526 | D:4      | Noticed Dowan
  2527 | D:4      | Noticed Duvessa
  2534 | D:4      | Killed Duvessa
  2541 | D:4      | Killed Dowan
  2562 | D:4      | Gained mutation: Your magical capacity is low. (-10% MP)
                  | [potion of mutation]
  2562 | D:4      | Gained mutation: You sometimes lose your temper in combat.
                  | [potion of mutation]
  2562 | D:4      | Gained mutation: Your spells are a little easier to cast,
                  | but a little less powerful. [potion of mutation]
  2570 | D:4      | Reached XP level 7. HP: 6/61 MP: 5/5
  2879 | D:4      | Noticed Robin
  2882 | D:4      | Killed Robin
  2913 | D:4      | Found a shimmering altar of Xom.
  3568 | D:5      | Entered Level 5 of the Dungeon
  3901 | D:5      | Reached skill level 1 in Evocations
  4029 | D:5      | Reached skill level 1 in Throwing
  4029 | D:5      | Reached XP level 8. HP: 68/68 MP: 6/6
  4682 | D:6      | Reached skill level 5 in Throwing
  5467 | D:6      | Reached skill level 4 in Armour
  5838 | D:7      | Noticed cordlesssteve's ghost (novice DrCj)
  5843 | D:7      | Reached skill level 5 in Armour
  6128 | D:7      | Found a runed translucent gate.
  6129 | D:7      | Found a runed translucent gate.
  6129 | D:7      | Found a runed translucent gate.
  6138 | D:7      | Found an ancient bone altar of Kikubaaqudgha.
  6195 | D:7      | Found a staircase to the Ecumenical Temple.
  6238 | D:7      | Reached skill level 6 in Armour
  6238 | D:7      | Reached XP level 9. HP: 63/74 MP: 7/7
  6253 | Temple   | Entered the Ecumenical Temple
  6424 | D:7      | Found a white marble altar of Elyvilon.
  6731 | D:8      | Found Ryos's Neck Hole.
  6736 | D:8      | Bought a scarf of repulsion for 156 gold pieces
  6751 | D:8      | Reached skill level 7 in Armour
  6757 | D:8      | Found a flagged portal.
  6770 | D:8      | Reached skill level 8 in Armour
  6786 | Bailey   | Entered a bailey
  6991 | Bailey   | Noticed an orc sorcerer
  6995 | Bailey   | Killed an orc sorcerer
  6996 | Bailey   | Reached skill level 9 in Armour
  7001 | Bailey   | Noticed an orc knight
  7013 | Bailey   | Found an iron altar of Okawaru.
  7013 | Bailey   | Noticed a kobold demonologist
  7023 | Bailey   | Reached skill level 10 in Armour
  7024 | Bailey   | Slain by a chaos spawn

Illustrated notes

Levels and vault maps discovered:
D:1:      sevenhm_arrival_forest_fort_small_4, layout_loops_ring,
          roderic_lattice_a, minmay_pentomino_u4
D:2:      layout_basic, minivault_14
D:3:      layout_loops_ring, uniq_grinder
D:4:      layout_basic, lemuel_tele_altar, uniq_duvessa, uniq_robin
D:5:      layout_loops_cross, minmay_checkerbox
D:6:      layout_layer_cave
D:7:      layout_gridville, lemuel_crystal_altar, elyvilon_altar_1,
          minmay_temple_entry_proselytizer, gammafunk_ghost_split,
          mrwooster_statue_mirror, serial_bayou_crossing
D:8:      layout_rooms, mainiacjoe_overflow_24_doors, enter_bailey_2,
          nicolae_shop_sticking_my_neck_out, uniq_amaemon, uniq_jeremiah,
          uniq_pikel
Temple:   eino_temple_water
Bailey:   bailey_axe_of_yendor_kennysheep, bailey

Skill      XL: |  1  2  3  4  5  6  7  8  9 |
---------------+----------------------------+-----
Fighting       | 4 5 |  5.0
Shields        | 4 5 |  5.0
Dodging        | 4 6 8 |  8.0
Evocations     | 3 |  3.0
Throwing       | 1 6 |  6.0
Armour         | 6 10 | 10.0
Axes           | |  2.5

Action                     |  1- 3 |  4- 6 |  7- 9 || total
---------------------------+-------+-------+-------++-------
  Melee: War axe           |    73 |    51 |   248 ||   372
         Headbutt          |     4 |    12 |    35 ||    51
  Evoke: Wand              |       |     4 |    13 ||    17
    Use: Scroll            |     4 |     5 |    13 ||    22
         Potion            |       |     3 |     7 ||    10
   Stab: Invisible         |       |       |     1 ||     1
 Armour: Scale mail        |    42 |    22 |       ||    64
         Plate armour      |       |    16 |   328 ||   344
  Dodge: Dodged            |    29 |    24 |   125 ||   178
  Block: Buckler           |    12 |    12 |    53 ||    77
